 Dungeon Crawl Stone Soup version 0.20-a0-854-g0cc194a (webtiles) character file.

80 Alarkh the Skirmisher (level 4, -4/35 HPs)
             Began as a Demonspawn Fighter on Mar 11, 2017.
             Slain by Natasha (6 damage)
             ... on level 2 of the Dungeon.
             The game lasted 00:01:03 (1036 turns).

Alarkh the Skirmisher (Demonspawn Fighter)          Turns: 1036, Time: 00:01:04

Health: -4/35      AC:  6    Str: 17    XL:     4   Next: 18%
Magic:  4/4        EV:  5    Int: 10    God:
Gold:   53         SH: 13    Dex: 12    Spells: 3/3 levels left

rFire    . . .     SeeInvis .   a - +0 long sword
rCold    . . .     Gourm    .   b - +0 scale mail
rNeg     . . .     Faith    .   h - +0 large shield
rPois    .         Spirit   .   (no helmet)
rElec    .         Reflect  .   (no cloak)
rCorr    .         Harm     .   (no gloves)
MR       .....                  (no boots)
Stlth    ..........             (no amulet)
Regen    0.2/turn               (no ring)
MPRegen  0.1/turn               (no ring)

@: no status effects
A: talons 1, rot immunity
a: no special abilities


You were on level 2 of the Dungeon.
You were hungry.

You visited 1 branch of the dungeon, and saw 2 of its levels.

You collected 53 gold pieces.

Inventory:

Hand Weapons
 a - a +0 long sword (weapon)
Armour
 b - a +0 scale mail (worn)
 c - a +0 shield
 h - a +0 large shield (worn)
Scrolls
 i - 2 scrolls of identify {unknown}
 k - a scroll of remove curse {unknown}
 l - a scroll of immolation {unknown}
Comestibles
 f - 2 bread rations


   Skills:
 + Level 3.4 Fighting
 * Level 2.9 Long Blades
 + Level 3.1 Armour
 + Level 0.8 Dodging
 + Level 2.9 Shields


You had 3 spell levels left.
You didn't know any spells.

Dungeon Overview and Level Annotations

Branches:
Dungeon (2/15)

Altars:

Annotations:
D:2 Natasha


Innate Abilities, Weirdness & Mutations

You have sharp toenails.
You are immune to rotting.


Message History

Natasha is moderately wounded.
The shadow imp grinds its teeth.
The shadow imp hits you.
Natasha wildly gestures.
Natasha's front paws start to glow.
Natasha claws you.
* * * LOW HITPOINT WARNING * * *
You miss Natasha.
Natasha is moderately wounded.
You block the shadow imp's attack. Natasha barely misses you.
The shadow imp summons a swarm of flies.
The shadow imp hits you.
* * * LOW HITPOINT WARNING * * *
Natasha casts a spell at you. The magic dart hits you!
* * * LOW HITPOINT WARNING * * *
You hit Natasha but do no damage. Your kick misses Natasha.
Natasha is moderately wounded.
You block the shadow imp's attack. Natasha claws you.
You die...

#. #....# ...
#.##....#.......
... #.##....
....!. ....
#.##... .....
.....#.##.. ...#
.....#.##.######.#
.....#.##.......(#
...........†(....#
.#.###.####†....@#
.#.# #.#
#....5.h......
.#.###.#
#..##.#######.
....##.# #..##.#
<#..##.# #..##.#
.#.....####..##.#
.#...........##.#
.####............
............#


You could see Natasha and a shadow imp.

Vanquished Creatures
  Natasha (twice) (D:2)
  2 oozes (D:1)
  A dart slug (D:1)
  A leopard gecko (D:2)
  A giant cockroach (D:1)
  2 goblins (D:1)
  A hobgoblin (D:1)
  A quokka (D:2)
  A ball python (D:1)
  4 bats (D:1)
  4 kobolds
  3 rats (D:1)
23 creatures vanquished.

Notes
Turn   | Place    | Note
-------+----------+-------------------------------------------
     0 | D:1      | Alarkh the Demonspawn Fighter began the quest for the Orb.
     0 | D:1      | Reached XP level 1. HP: 18/18 MP: 1/1
    95 | D:1      | Gained mutation: You have sharp toenails. [demonic ancestry]
    95 | D:1      | Reached XP level 2. HP: 23/24 MP: 2/2
   570 | D:2      | Noticed Natasha
   573 | D:2      | Noticed a crimson imp
   582 | D:2      | HP: 1/24 [Natasha (5)]
   592 | D:2      | Noticed a crimson imp
   592 | D:2      | Killed Natasha
   592 | D:2      | Reached XP level 3. HP: 3/29 MP: 3/3
   970 | D:2      | Noticed Natasha
   975 | D:2      | Killed Natasha
   975 | D:2      | Gained mutation: You are immune to rotting. [demonic ancestry]
   975 | D:2      | Reached XP level 4. HP: 20/35 MP: 4/4
  1021 | D:2      | Noticed Natasha
  1035 | D:2      | HP: 1/35 [Natasha/magic dart (5)]
  1036 | D:2      | Slain by Natasha

Vault maps used:
D:1:      tarquinn_simple_flora_water_c
D:2:      uniq_terence, uniq_natasha

Skill      XL: |  1  2 |
---------------+-------+-----
Long Blades    | 2 |  2.9
Armour         | 3 |  3.1
Fighting       | |  3.4
Dodging        | |  0.8
Shields        | |  2.9

Action                   |  1- 3 |  4- 6 || total
-------------------------+-------+-------++-------
Melee: Long sword        |    82 |    13 ||    95
       Kick              |    16 |     5 ||    21
  Use: Potion            |     3 |       ||     3
Armor: Scale mail        |    35 |     3 ||    38
Dodge: Dodged            |    20 |     3 ||    23
Block: Shield            |    17 |       ||    17
       Large shield      |    41 |     8 ||    49
       Rpst.: Long sword |     6 |     1 ||     7
